 Dungeon Crawl Stone Soup version 0.26-a0-774-g1415c89e12 (webtiles) character file.

Game seed: 14295438993036896046

1873786 Ge0ff the Conqueror (level 27, 273/273 HPs)
             Began as a Hill Orc Berserker on Nov 9, 2020.
             Was the Champion of Trog.
             Escaped with the Orb
             ... and 3 runes!
             The game lasted 02:45:20 (63335 turns).

Ge0ff the Conqueror (Hill Orc Berserker)           Turns: 63335, Time: 02:45:21

Health: 273/273    AC: 52    Str: 38    XL:     27
Magic:  23/23      EV: 26    Int:  7    God:    Trog [******]
Gold:   2107       SH: 26    Dex: 24    Spells: 26/26 levels left

rFire    + . .     SeeInvis +   a - +9 broad axe (freeze)
rCold    + + .     Faith    .   L - +4 kite shield of Veoceeck {+Fly MR+}
rNeg     + . .     Spirit   .   h - +12 gold dragon scales
rPois    +         Reflect  +   Q - +2 helmet of Vegapim {Harm SInv}
rElec    .         Harm     +   Y - +2 cloak {rCorr}
rCorr    +         Rampage  .   D - +2 pair of gloves
MR       +++..                  r - +0 pair of boots {run}
Stlth    ..........             X - amulet "Poonin" {Reflect +Inv Dex+7 SH+5}
HPRegen  0.55/turn              G - ring of Etoahim {+Blink +Fly Str+6 Slay+3}
MPRegen  0.18/turn              z - ring "Suzaec" {rPois rN+ Str+6, =R}

@: quick
A: repulsion field 1, cold resistance 1, wild magic 1
0: Orb of Zot
}: 3/15 runes: decaying, barnacled, silver
a: Berserk, Trog's Hand, Brothers in Arms, Renounce Religion, Evoke Blink, Evoke
Invisibility, Evoke Flight


You escaped.
You worshipped Trog.
Trog was exalted by your worship.
You visited 10 branches of the dungeon, and saw 50 of its levels.
You also visited: Bailey, Ice Cave and Volcano.

You collected 9350 gold pieces.
You spent 7243 gold pieces at shops.

Inventory:

Hand Weapons
 a - a +9 broad axe of freezing (weapon)
 b - a +3 antimagic broad axe
Missiles
 g - 16 throwing nets {=f}
 l - 21 javelins
 v - 18 curare-tipped darts {=f}
 x - 48 silver javelins
 Z - 43 boomerangs (quivered)
Armour
 h - +12 gold dragon scales (worn)
 n - the +15 Maxwell's patent armour {-Cast -Tele rElec MR+ rCorr}
   (You found it on level 8 of the Dungeon)

   It insulates you from electricity.
   It affects your resistance to hostile enchantments.
   It prevents spellcasting.
   It prevents most forms of teleportation.
   It provides partial protection from all sources of acid and corrosion.
 r - a +0 pair of boots of running (worn)
 w - a +2 pair of boots of rampaging
 D - a +2 pair of gloves (worn)
 L - the +4 kite shield of Veoceeck (worn) {+Fly MR+}
   (You bought it in a shop on level 13 of the Dungeon)

   It affects your resistance to hostile enchantments.
   It lets you fly.
 Q - the +2 helmet of Vegapim (worn) {Harm SInv}
   (You found it on level 2 of the Lair of Beasts)

   It lets you see invisible.
   It increases damage dealt and taken.
 Y - a +2 cloak of preservation (worn)
Jewellery
 z - the ring "Suzaec" (right hand) {rPois rN+ Str+6, =R}
   (You found it in an ice cave)

   [ring of poison resistance]

   It affects your strength (+6).
   It protects you from poison.
   It protects you from negative energy.
 C - the amulet of Ascent {Regen+ Str+4 Dex+3}
   (You found it on level 3 of the Elven Halls)

   [amulet of regeneration]

   It affects your strength (+4).
   It affects your dexterity (+3).
   It increases your rate of regeneration.
 G - the ring of Etoahim (left hand) {+Blink +Fly Str+6 Slay+3}
   (You found it on level 1 of the Vaults)

   [ring of strength]

   It affects your strength (+6).
   It affects your accuracy and damage with ranged weapons and melee attacks
   (+3).
   It lets you fly.
   It lets you blink.
 X - the amulet "Poonin" (around neck) {Reflect +Inv Dex+7 SH+5}
   (You took it off an ironbrand convoker on level 5 of the Vaults)

   [amulet of reflection]

   It shields you and reflects attacks.
   It affects your dexterity (+7).
   It lets you turn invisible.
   It affects your SH (+5).
Wands
 d - a wand of digging (18)
 e - a wand of enslavement (50)
 j - a wand of acid (70)
 k - a wand of iceblast (42)
 p - a wand of paralysis (70)
 s - a wand of disintegration (83)
 P - a wand of polymorph (30)
Scrolls
 i - 12 scrolls of identify
 u - 2 scrolls of holy word
 y - 7 scrolls of immolation
 B - 5 scrolls of blinking
 E - 14 scrolls of fear
 F - 9 scrolls of fog
 J - 4 scrolls of silence {!r}
 S - 2 scrolls of summoning
 T - 42 scrolls of teleportation
 V - 7 scrolls of vulnerability
Potions
 f - 8 potions of attraction
 o - 8 potions of ambrosia
 q - 29 potions of curing
 A - 4 potions of mutation
 H - 6 potions of haste {!q}
 I - 4 potions of invisibility
 K - 8 potions of magic {!q}
 M - 8 potions of might
 N - 5 potions of cancellation {!q}
 R - 5 potions of resistance
 W - 19 potions of heal wounds {!q}
Miscellaneous
 c - a condenser vane
 t - a tin of tremorstones (1/2)
 O - a box of beasts
 U - a phantom mirror


   Skills:
 O Level 27 Fighting
 + Level 26.1 Axes
 - Level 16.0 Throwing
 + Level 26.0 Armour
 + Level 18.4 Dodging
 - Level 15.0 Shields
 - Level 20.0 Evocations


You had 26 spell levels left.
You didn't know any spells.
Your spell library was empty.

Dungeon Overview and Level Annotations

Branches:
Dungeon (15/15)            Temple (1/1) D:5            Lair (6/6) D:11
  Swamp (4/4) Lair:4       Shoals (4/4) Lair:4        Slime (0/5) Lair:5
    Orc (2/2) D:9             Elf (3/3) Orc:2        Vaults (5/5) D:14
  Crypt (0/3) Vaults:3     Depths (5/5) D:15            Zot (5/5) Depths:5
 Bailey (visited)           IceCv (visited)         Volcano (visited)
  Snake: Lair:2-4    Spider: Lair:2-4

Altars:
Ashenzari
Cheibriados
Dithmenos
Elyvilon
Hepliaklqana
Kikubaaqudgha
Nemelex Xobeh
Okawaru
Qazlal
Ru
Sif Muna
Trog
Uskayaw
Vehumet
Xom
Yredelemnul
Zin
The Shining One

Shops:
D:6 [   D:13 ([*}   D:15 ?   Orc:1 =   Orc:2 =[!}*   Elf:1 (*   Elf:2 ?
Elf:3 [   Shoals:2 :   Vaults:2 ==   Vaults:3 ((!*   Vaults:4 *   Vaults:5 =*

Portals:
Hell: Depths:1 Depths:2 Depths:3 Depths:5
Abyss: Depths:3 Depths:5
Pandemonium: Depths:3
Ziggurat: Depths:1


Innate Abilities, Weirdness & Mutations

You are surrounded by a mild repulsion field. (EV +2)
Your flesh is cold resistant. (rC+)
Your spells are a little harder to cast, but a little more powerful.


Message History

Evoke which item? (* to show all) (? for menu, Esc to quit)
Press: ? - help, Shift-Dir - straight line You can't see that place. [the floor.]
Okay, then.
An ice devil is nearby!
Evoke which item? (* to show all) (? for menu, Esc to quit)
Press: ? - help, Shift-Dir - straight line A rock wall.
This square is covered in magical glow.
The rock shatters into small pieces.
There is a staircase leading out of the dungeon here.
You throw a boomerang.
The boomerang barely misses the ice devil.
You throw a boomerang.
The boomerang completely misses the ice devil.
You throw a boomerang. The boomerang hits the ice devil!!!
You kill the ice devil!
Trog accepts your kill.
You have escaped!

#..⌠..##..####..#
##...###..###...#
##### ##.##.....
##....#.. ###.###.
### ##### ## #####.#
#.## #
##...#.######..#####
#..@.......#....#.##
#.....###...###..###
##...## #..## ###..#
##### #### ##.. ##.
## ######## ##.
#......###..
#..........#


There were no monsters in sight!

Vanquished Creatures
  11 orbs of fire
  7 ancient liches
  The ghost of Beyts the Conqueror, a legendary MiBe of Trog (Zot:1)
  2 pandemonium lords (Zot:3)
  The ghost of Juploucw the Slayer, a veteran MiBe of Trog (Vaults:1)
  Sojobo (Vaults:4)
  3 Killer Klowns (Zot:5)
  A caustic shrike (Depths:2)
  7 curse toes
  16 golden dragons
  Nikola (Swamp:1)
  Jory (Vaults:4)
  A bone dragon (Depths:2)
  The ghost of Qoonutun the Eclecticist, an adept DsCj of Vehumet (Vaults:1)
  The ghost of Ecu Hasm the Victor of a Thousand Battles, an adept GnSk of Okawaru (Vaults:1)
  A Tzitzimitl (Zot:4)
  6 electric golems
  A lich (Depths:3)
  18 tentacled monstrosities
  28 Orb Guardians
  Rupert (Vaults:1)
  Jorgrun (D:12)
  15 titans
  2 deep elf master archers (Elf:3)
  3 deep elf blademasters
  Asterion (Vaults:1)
  12 quicksilver dragons
  10 death cobs
  Polyphemus (Shoals:3)
  5 sphinxes
  Agnes (D:15)
  2 krakens
  An ancient champion (Vaults:1)
  14 shadow dragons
  The ghost of Peloso the Fencer, an adept MiFi of Okawaru (Shoals:1)
  A storm dragon (shapeshifter) (Vaults:5)
  2 thorn hunters (Swamp:4)
  11 draconian monks
  25 storm dragons
  11 tengu reavers
  13 fire giants
  14 deep elf sorcerers
  6 ghost moths
  6 draconian knights
  9 frost giants
  5 draconian scorchers
  21 vault wardens
  A cacodemon (Zot:2)
  3 iron dragons
  Louise (D:15)
  2 balrugs
  An orc warlord (Vaults:4)
  5 draconian shifters
  4 draconian annihilators
  2 spriggan defenders (Depths:3)
  3 deep elf elementalists
  3 draconian stormcallers
  A caustic shrike skeleton (Depths:2)
  A juggernaut skeleton (Depths:2)
  2 vampire knights (Depths:3)
  19 ironheart preservers
  33 stone giants
  A war gargoyle (Vaults:5)
  23 very ugly things
  15 green draconians
  The ghost of Queen the Carver, a journeyman DrFi of the Shining One (Lair:4)
  10 yellow draconians
  3 entropy weavers
  7 dire elephants
  12 red draconians
  7 bunyips
  12 white draconians
  11 deep elf demonologists
  8 purple draconians
  9 deep elf annihilators
  17 black draconians
  6 merfolk javelineers
  8 spark wasps
  6 deep elf death magi
  11 ettins
  2 quicksilver dragon zombies (Depths:2)
  7 deep elf high priests
  7 eleionomae
  30 vault guards
  9 merfolk impalers
  11 fire dragons
  11 yaktaur captains
  Fannar (Lair:2)
  A shambling mangrove (Swamp:4)
  10 rakshasas
  26 hydras
  22 ice dragons
  11 boulder beetles
  7 great orbs of eyes
  A merfolk avatar (Shoals:3)
  7 spriggan air magi
  2 ghost crabs (Swamp:3)
  2 alligator snapping turtles
  3 catoblepae
  2 death knights (Vaults:5)
  13 alligators
  10 centaur warriors
  An anaconda (Lair:6)
  14 ogre magi
  6 deep troll shamans
  28 dancing weapons
  9 tengu warriors
  2 vampire magi
  6 death yaks
  12 deep troll earth magi
  3 satyrs (Shoals:4)
  37 two-headed ogres
  7 goliath frogs
  A storm dragon zombie (Depths:2)
  7 orc high priests
  10 spriggan berserkers
  A sun demon (D:6)
  30 deep elf knights
  12 spriggans
  20 hell knights
  2 sixfirhies
  9 skeletal warriors
  An iron troll (Depths:4)
  A titan skeleton (Vaults:5)
  A fire crab (shapeshifter) (Vaults:5)
  A golden dragon zombie (Depths:2)
  3 unseen horrors
  10 sea snakes
  8 swamp dragons
  32 deep trolls
  A swamp dragon (shapeshifter) (Vaults:4)
  5 bog bodies
  4 flayed ghosts
  A fire crab (Shoals:3)
  An orange crystal statue (Zot:5)
  A glowing orange brain (shapeshifter) (Vaults:4)
  A cherub (Depths:4)
  A shadow demon (D:6)
  4 spriggan druids
  A lindwurm (D:13)
  Pikel (D:8)
  7 wizards
  32 deep elf archers
  3 glowing orange brains
  A tengu zombie (Depths:2)
  16 ironbrand convokers
  2 harpies (shapeshifter)
  33 orc knights
  23 harpies
  3 phantasmal warriors
  A golden dragon skeleton (Depths:2)
  2 sphinx zombies
  2 kraken simulacra (Shoals:1)
  An oklob plant (Lair:1)
  5 necromancers
  3 salamanders
  4 orc sorcerers
  73 deep elf magi
  10 fauns
  8 wolf spiders
  41 ugly things
  8 will-o-the-wisps
  25 moths of wrath
  A sphinx skeleton (Depths:2)
  18 manticores
  8 elephants
  A salamander (shapeshifter) (Depths:3)
  11 merfolk sirens
  6 cyclopes
  8 black mambas
  2 elf zombies (Depths:2)
  An ice statue (IceCv)
  A spriggan zombie (Depths:2)
  An eye of devastation (Shoals:1)
  An orange demon (Zot:2)
  6 water nymphs
  5 spectral swamp worms (Depths:2)
  A smoke demon (Zot:3)
  8 vault sentinels
  2 gargoyles (D:13)
  5 cane toads
  2 kobold demonologists (D:15)
  A torpor snail (shapeshifter) (Vaults:4)
  A hellion (D:4)
  3 centaur skeletons
  5 komodo dragons
  50 yaktaurs
  A yaktaur (shapeshifter) (Vaults:3)
  6 rime drakes
  A human zombie (Vaults:5)
  An efreet (D:14)
  2 spriggan skeletons (Depths:2)
  A redback zombie (D:14)
  A tormentor (Zot:3)
  6 freezing wraiths
  A yaktaur skeleton (Vaults:4)
  An ice devil (D:1)
  4 tengu conjurers
  A queen bee (Lair:4)
  A tyrant leech (shapeshifter) (Vaults:5)
  A queen bee (shapeshifter) (Vaults:5)
  9 trolls
  4 red devils
  16 polar bears (IceCv)
  2 bloated husks (Swamp:1)
  12 wind drakes
  37 merfolk
  A tengu simulacrum (Vaults:3)
  10 tyrant leeches
  18 hornets
  21 blink frogs
  8 snapping turtles
  An ettin zombie (Vaults:4)
  38 slime creatures
  Grinder (D:4)
  2 meliai zombies
  16 dream sheep
  25 water elementals
  3 air elementals
  4 wyverns
  2 ettin skeletons (Vaults:4)
  9 redbacks
  A shapeshifter (Vaults:4)
  A tarantella (shapeshifter) (Vaults:5)
  Sigmund (D:2)
  A spriggan (shapeshifter) (Vaults:2)
  4 wraiths
  A human (D:10)
  57 yaks
  3 fire bats (Shoals:3)
  A wyvern (shapeshifter) (Vaults:4)
  6 basilisks
  2 humans (shapeshifter)
  A hog (D:10)
  A chaos spawn (D:1)
  A neqoxec (Zot:3)
  A fire elemental (Elf:2)
  5 elf skeletons (Depths:2)
  3 steam dragons
  16 wargs
  A soldier ant (shapeshifter) (Vaults:4)
  11 vampire mosquitoes
  Menkaure (D:6)
  17 swamp worms
  21 water moccasins
  3 hell hounds (D:3)
  A water moccasin (shapeshifter) (Vaults:5)
  2 acid dragons
  A floating eye (shapeshifter) (Vaults:5)
  2 floating eyes
  7 ice beasts
  A black bear (D:9)
  8 swamp drakes
  7 sky beasts
  2 eyes of draining (shapeshifter)
  65 orc warriors
  49 wolves
  A black bear (shapeshifter) (Elf:1)
  A necrophage (D:10)
  7 phantoms
  7 boggarts
  18 centaurs
  31 ogres
  2 lemures
  A big kobold (D:7)
  Blork the orc (D:6)
  16 bullfrogs
  3 earth elementals
  4 scorpions
  28 killer bees
  7 wights
  10 howler monkeys
  3 bullfrog zombies
  2 quasits
  3 centaur zombies
  4 hounds
  7 jellies
  3 human simulacra
  39 orc priests
  Crazy Yiuf (D:4)
  A bullfrog skeleton (D:12)
  4 iguanas
  45 orc wizards
  11 worker ants
  5 hell rats (Lair:2)
  3 worker ant zombies
  Robin (D:4)
  16 gnolls
  A howler monkey zombie (D:10)
  15 adders
  2 shadow imps
  2 white imps
  2 ufetubi (D:7)
  4 oozes
  A worm (shapeshifter) (Vaults:5)
  A worm (D:3)
  9 dart slugs
  6 leopard geckos
  153 orcs
  A ball python (D:1)
  2 giant cockroaches (D:1)
  29 goblins
  6 hobgoblins
  10 jackals
  31 kobolds
  6 quokkas
  A ball python skeleton (D:5)
  7 bats
  4 frilled lizards
  A jackal skeleton (D:6)
  A leopard gecko zombie (D:9)
  A quokka skeleton (D:6)
  6 rats
  A fire vortex (Depths:5)
  2 plants (Shoals:4)
  6 tentacles
2660 creatures vanquished.

Vanquished Creatures (collateral kills)
  A black draconian (Zot:1)
  A death knight (D:12)
  A freezing wraith (D:12)
3 creatures vanquished.

Vanquished Creatures (others)
  An eldritch tentacle (Zot:5)
  A fire giant (Depths:1)
  A very ugly thing (Vaults:4)
  A dancing weapon (Elf:2)
  A deep elf mage (Elf:1)
  A moth of wrath (Zot:4)
  A will-o-the-wisp (Swamp:1)
  A spriggan (Depths:3)
  An orc warrior (D:14)
  A boggart (Depths:1)
  A centaur (D:14)
  A bullfrog (D:14)
  An orc wizard (D:14)
  2 orcs (D:14)
  A briar patch (Swamp:4)
  10 foxfires
  24 fungi
  175 plants
  22 tentacles
247 creatures vanquished.

Grand Total: 2910 creatures vanquished

Notes
Turn   | Place    | Note
-------+----------+-------------------------------------------
     0 | D:1      | Ge0ff the Hill Orc Berserker began the quest for the Orb.
     0 | D:1      | Reached XP level 1. HP: 19/19 MP: 1/1
   207 | D:1      | Reached XP level 2. HP: 26/26 MP: 2/2
   267 | D:1      | Reached skill level 5 in Axes
   474 | D:1      | Reached XP level 3. HP: 31/31 MP: 3/3
   504 | D:1      | Reached ** piety under Trog
  1198 | D:2      | Reached XP level 4. HP: 36/39 MP: 4/4
  1201 | D:2      | Noticed Sigmund
  1220 | D:2      | Killed Sigmund
  1220 | D:2      | Reached XP level 5. HP: 45/45 MP: 5/5
  1406 | D:2      | Found a radiant altar of Vehumet.
  1468 | D:2      | Reached XP level 6. HP: 51/51 MP: 6/6
  1635 | D:2      | Found a faded altar of an unknown god.
  2384 | D:3      | Reached skill level 4 in Fighting
  2420 | D:3      | Reached *** piety under Trog
  2420 | D:3      | Reached skill level 1 in Throwing
  2420 | D:3      | Reached XP level 7. HP: 59/59 MP: 7/7
  2931 | D:4      | Noticed Grinder
  2942 | D:4      | Killed Grinder
  2942 | D:4      | Reached skill level 10 in Axes
  2989 | D:4      | Noticed Robin
  3005 | D:4      | Killed Robin
  3845 | D:4      | Reached XP level 8. HP: 67/67 MP: 8/8
  3929 | D:4      | Found a runed translucent door.
  3930 | D:4      | Noticed Crazy Yiuf
  3985 | D:4      | Reached skill level 5 in Fighting
  4037 | D:4      | Reached skill level 1 in Evocations
  4216 | D:4      | Killed Crazy Yiuf
  4388 | D:5      | Entered Level 5 of the Dungeon
  4464 | D:5      | Found a white marble altar of Elyvilon.
  4712 | D:5      | Found a staircase to the Ecumenical Temple.
  4717 | Temple   | Entered the Ecumenical Temple
  5095 | D:5      | Found a sparkling altar of Nemelex Xobeh.
  5101 | D:5      | Found a snail-covered altar of Cheibriados.
  5110 | D:5      | Reached **** piety under Trog
  5149 | D:5      | Found a sacrificial altar of Ru.
  5160 | D:5      | Found a stormy altar of Qazlal.
  5289 | D:5      | Found a glowing silver altar of Zin.
  5300 | D:5      | Found a shimmering altar of Xom.
  5313 | D:5      | Found an iron altar of Okawaru.
  5374 | D:5      | Found a hazy altar of Hepliaklqana.
  5815 | D:6      | Reached XP level 9. HP: 75/75 MP: 9/9
  5871 | D:6      | Got a shimmering leather armour
  5899 | D:6      | Noticed Blork the orc
  5907 | D:6      | Killed Blork the orc
  5907 | D:6      | Reached skill level 6 in Fighting
  5934 | D:6      | Found a glowing golden altar of the Shining One.
  5943 | D:6      | Found a basalt altar of Yredelemnul.
  5945 | D:6      | Noticed a profane servitor
  5947 | D:6      | Got a slimy dagger
  6016 | D:6      | Noticed Menkaure
  6018 | D:6      | Killed Menkaure
  6346 | D:6      | Found Doserah's Antique Armour Boutique.
  6481 | D:6      | Identified the cursed +0 leather armour of Isoatzim {rF+}
                  | (You found it on level 6 of the Dungeon)
  6593 | D:7      | Identified the cursed +0 dagger "Cuanitt" {elec, rPois rC-
                  | MR+ Dex+5} (You found it on level 6 of the Dungeon)
  6960 | D:7      | Reached skill level 5 in Armour
  7677 | D:8      | Reached skill level 7 in Fighting
  7686 | D:8      | Reached XP level 10. HP: 76/86 MP: 10/10
  8055 | D:8      | Found the +15 Maxwell's patent armour {-Cast -Tele rElec
                  | MR+ rCorr}
  8268 | D:8      | Reached ***** piety under Trog
  8346 | D:8      | Found a hide-covered altar of Uskayaw.
  8531 | D:9      | Found a flagged portal.
  8546 | Bailey   | Entered a bailey
  8756 | Bailey   | Reached skill level 5 in Throwing
  8981 | D:9      | Noticed Pikel
  8992 | D:9      | Noticed Maggie
  8999 | D:8      | Killed Pikel
  9091 | D:6      | Bought a kite shield for 148 gold pieces
  9517 | D:9      | Reached skill level 8 in Fighting
  9517 | D:9      | Reached skill level 5 in Evocations
  9543 | D:9      | Found a staircase to the Orcish Mines.
  9641 | D:9      | Reached skill level 1 in Shields
  9727 | D:9      | Reached XP level 11. HP: 94/94 MP: 11/11
  9859 | D:9      | Noticed Maggie
  9859 | D:9      | Maggie changed into Maggie the water moccasin
  9872 | D:9      | Killed Maggie the water moccasin
 10165 | D:10     | Entered Level 10 of the Dungeon
 10826 | D:10     | Reached skill level 5 in Dodging
 10921 | D:11     | Noticed a boulder beetle
 10926 | D:11     | Received a gift from Trog
 10942 | D:11     | Killed a boulder beetle
 11110 | D:11     | Noticed a two-headed ogre
 11114 | D:11     | Killed a two-headed ogre
 11140 | D:11     | Reached skill level 9 in Fighting
 11219 | D:11     | Noticed a two-headed ogre
 11234 | D:11     | Killed a two-headed ogre
 11234 | D:11     | Reached XP level 12. HP: 98/104 MP: 12/12
 11379 | D:11     | Found a staircase to the Lair.
 11624 | D:11     | Noticed a two-headed ogre
 11631 | D:11     | Killed a two-headed ogre
 11650 | D:11     | Noticed a two-headed ogre
 11657 | D:11     | Killed a two-headed ogre
 12164 | D:12     | Received a gift from Trog
 12267 | D:12     | Reached skill level 15 in Axes
 12285 | D:12     | Noticed Jorgrun
 12375 | D:12     | Noticed a death knight
 12395 | D:12     | Killed a death knight
 12565 | D:12     | Killed Jorgrun
 12565 | D:12     | Reached skill level 5 in Shields
 13122 | D:12     | Reached skill level 10 in Fighting
 13468 | D:13     | Found Bodghyif's Gadget Boutique.
 13502 | D:13     | Found Moarr's Assorted Antiques.
 13587 | D:13     | Reached XP level 13. HP: 113/113 MP: 13/13
 13676 | D:13     | Got a fine mace
 13677 | D:13     | Identified the +5 mace of Segop {distort, Fragile rPois MR+
                  | Int+2} (You found it on level 13 of the Dungeon)
 13683 | D:13     | Noticed Maurice
 13684 | D:13     | Noticed Maurice
 13684 | D:13     | Maurice changed into Maurice the acid dragon
 13689 | D:13     | Killed Maurice the acid dragon
 14017 | D:13     | Found Daanom's Antique Weapon Boutique.
 14094 | D:13     | Noticed Nessos
 14096 | D:13     | Noticed Nessos
 14096 | D:13     | Nessos changed into Nessos the lindwurm
 14106 | D:13     | Killed Nessos the lindwurm
 14447 | D:13     | Found Qeicyom's Antique Armour Emporium.
 15251 | D:14     | Noticed a vault guard
 15259 | D:14     | Reached skill level 11 in Fighting
 15319 | Lair:1   | Entered Level 1 of the Lair of Beasts
 15399 | Lair:1   | Found a frozen archway.
 15409 | IceCv    | Entered an ice cave
 15556 | IceCv    | Got a faintly glowing wooden ring
 15688 | IceCv    | Reached ****** piety under Trog
 15741 | IceCv    | Identified the ring "Suzaec" {rPois rN+ Str+6} (You found
                  | it in an ice cave)
 15827 | IceCv    | Received a gift from Trog
 15827 | IceCv    | Reached skill level 10 in Armour
 15827 | IceCv    | Reached XP level 14. HP: 122/124 MP: 14/14
 15897 | IceCv    | Noticed a frost giant
 15901 | IceCv    | Killed a frost giant
 16212 | Lair:1   | Got a shimmering long sword
 16663 | Lair:2   | Reached skill level 12 in Fighting
 16755 | Lair:2   | Noticed Fannar
 16773 | Lair:2   | Killed Fannar
 16943 | Lair:2   | Got a smoking helmet
 16956 | Lair:2   | Received a gift from Trog
 16963 | Lair:2   | Identified the +2 helmet of Vegapim {Harm SInv} (You found
                  | it on level 2 of the Lair of Beasts)
 17342 | Lair:2   | Identified Osmagufue's Tome of Air and the Oath
 17922 | Lair:3   | Identified a scroll of acquirement
 18161 | D:13     | Bought an encrusted kite shield for 313 gold pieces
 18161 | D:13     | Bought a shimmering kite shield for 313 gold pieces
 18172 | D:13     | Identified the cursed +0 kite shield of Okawaru's
                  | Displeasure {+Fly Dex+2} (You bought it in a shop on level
                  | 13 of the Dungeon)
 18186 | D:13     | Identified the +4 kite shield of Veoceeck {+Fly MR+} (You
                  | bought it in a shop on level 13 of the Dungeon)
 18191 | D:13     | Acquired a manual of Armour
 18569 | Lair:4   | Reached XP level 15. HP: 134/134 MP: 15/15
 18605 | Lair:4   | Found a dark tunnel.
 18610 | Volcano  | Entered a volcano
 18689 | Volcano  | Reached skill level 13 in Fighting
 18697 | Volcano  | Found a radiant altar of Vehumet.
 18928 | Lair:4   | Found a staircase to the Shoals.
 18967 | Lair:4   | Noticed Queen's ghost (journeyman DrFi)
 18982 | Lair:4   | Found a transporter.
 18986 | Lair:4   | Found a transporter.
 19017 | Lair:4   | Killed Queen's ghost
 19408 | Lair:4   | Found a staircase to the Swamp.
 19708 | Lair:5   | Found a staircase to the Slime Pits.
 19923 | Lair:5   | Received a gift from Trog
 20603 | Lair:6   | Entered Level 6 of the Lair of Beasts
 20612 | Lair:6   | Reached skill level 10 in Shields
 21061 | Lair:6   | Found a stormy altar of Qazlal.
 22256 | D:14     | Reached XP level 16. HP: 132/145 MP: 16/16
 22257 | D:14     | Found a gate to the Vaults.
 22273 | D:14     | Reached skill level 14 in Fighting
 22552 | D:15     | Entered Level 15 of the Dungeon
 22712 | D:15     | Received a gift from Trog
 22850 | D:15     | Noticed Louise
 22860 | D:15     | Killed Louise
 22891 | D:15     | Found a staircase to the Depths.
 23165 | D:15     | Noticed Agnes
 23182 | D:15     | Killed Agnes
 23325 | D:15     | Found Kuraomyrul's Magic Scroll Shoppe.
 23329 | D:15     | Bought a scroll of fear for 59 gold pieces
 23329 | D:15     | Bought a scroll of enchant weapon for 127 gold pieces
 23491 | Orc:1    | Entered Level 1 of the Orcish Mines
 23637 | Orc:1    | Reached skill level 15 in Armour
 23901 | Orc:1    | Found Hoahaide's Jewellery Shoppe.
 24055 | Orc:2    | Entered Level 2 of the Orcish Mines
 24081 | Orc:2    | Found a staircase to the Elven Halls.
 24175 | Orc:2    | Found Itiocs's General Store.
 24473 | Orc:2    | Reached skill level 15 in Fighting
 24638 | Orc:2    | Received a gift from Trog
 24898 | Orc:2    | Found Biragho's Gadget Shoppe.
 24899 | Orc:2    | Found Emili's Armour Emporium.
 24899 | Orc:2    | Found Qyte Hel's Distillery.
 24900 | Orc:2    | Found Qicopu Geti's Jewellery Shoppe.
 25194 | D:13     | Bought a tin of tremorstones (2/2) for 480 gold pieces
 25327 | Shoals:1 | Entered Level 1 of the Shoals
 25345 | Shoals:1 | Reached XP level 17. HP: 141/156 MP: 17/17
 25409 | Shoals:1 | Found a runed translucent gate.
 25409 | Shoals:1 | Found a runed translucent gate.
 25410 | Shoals:1 | Noticed Peloso's ghost (adept MiFi)
 25420 | Shoals:1 | Found a runed translucent gate.
 25928 | Shoals:1 | Received a gift from Trog
 26197 | Shoals:2 | Noticed a kraken
 26219 | Shoals:2 | Found Bujuo's Book Boutique.
 26777 | Shoals:2 | Reached skill level 16 in Fighting
 26968 | Shoals:3 | Noticed a kraken
 26988 | Shoals:3 | Killed a kraken
 27076 | Shoals:2 | Killed a kraken
 27435 | Shoals:3 | Received a gift from Trog
 27980 | Shoals:4 | Entered Level 4 of the Shoals
 27980 | Shoals:4 | Noticed Polyphemus
 27991 | Shoals:3 | Killed Polyphemus
 28040 | Shoals:4 | Reached XP level 18. HP: 139/167 MP: 18/18
 28091 | Shoals:4 | Reached skill level 10 in Evocations
 28190 | Shoals:4 | Identified the ring "Jitysel" {rPois MR+ SInv} (You found
                  | it on level 4 of the Shoals)
 28482 | Shoals:4 | Received a gift from Trog
 28684 | Shoals:4 | Got a barnacled rune of Zot
 29092 | Shoals:1 | Killed Peloso's ghost
 29124 | Shoals:1 | Got a twitching brass ring
 29125 | Shoals:1 | Identified the ring of Xajamawn {+Fly rElec MP-9 Str+6
                  | Slay-5} (You found it on level 1 of the Shoals)
 29197 | Swamp:1  | Entered Level 1 of the Swamp
 29245 | Swamp:1  | Reached skill level 17 in Fighting
 29262 | Swamp:1  | Noticed Nikola
 29289 | Swamp:1  | Killed Nikola
 29539 | Swamp:1  | Received a gift from Trog
 30638 | Swamp:3  | Reached XP level 19. HP: 177/177 MP: 19/19
 30923 | Swamp:3  | Received a gift from Trog
 30962 | Swamp:3  | Found a shadowy altar of Dithmenos.
 31028 | Swamp:3  | Got a faintly humming robe
 31165 | Swamp:4  | Entered Level 4 of the Swamp
 31209 | Swamp:4  | Got a heavily runed leather armour
 31549 | Swamp:4  | Reached skill level 18 in Fighting
 31809 | Swamp:4  | Got a decaying rune of Zot
 32235 | Elf:1    | Entered Level 1 of the Elven Halls
 32380 | Elf:1    | Received a gift from Trog
 32492 | Elf:1    | Found Enkirres's Weapon Shop.
 32656 | Elf:1    | Found a sparkling altar of Nemelex Xobeh.
 32677 | Elf:1    | Reached skill level 10 in Throwing
 32708 | Elf:1    | Found Aoad's Alliterative Accessories.
 33489 | Elf:2    | Reached XP level 20. HP: 185/189 MP: 20/20
 33523 | Elf:2    | Received a gift from Trog
 33709 | Elf:2    | Found Befiukit's Magic Scroll Shoppe.
 33765 | Elf:2    | Reached skill level 15 in Shields
 33883 | Elf:2    | Received a gift from Trog
 33900 | Elf:2    | Found a runed translucent gate.
 33903 | Elf:2    | Found a runed translucent gate.
 33903 | Elf:2    | Found a runed translucent gate.
 33906 | Elf:2    | Got a translucent bardiche
 34051 | Elf:2    | Reached skill level 19 in Fighting
 34455 | Elf:3    | Entered Level 3 of the Elven Halls
 34884 | Elf:3    | Received a gift from Trog
 35152 | Elf:3    | Reached skill level 10 in Dodging
 35159 | Elf:3    | Reached XP level 21. HP: 170/200 MP: 21/21
 35167 | Elf:3    | Received a gift from Trog
 35176 | Elf:3    | Reached skill level 20 in Fighting
 35246 | Elf:3    | Found the +10 dark maul {vorpal}
 35334 | Elf:3    | Identified the amulet of Ypuen {Inacc rElec MR- Str+4
                  | Dex+3} (You found it on level 3 of the Elven Halls)
 35349 | Elf:3    | Got a smoking great sword
 35352 | Elf:3    | Got a twisted great sword
 35405 | Elf:3    | Identified the amulet of Ascent {Regen+ Str+4 Dex+3} (You
                  | found it on level 3 of the Elven Halls)
 35507 | Elf:3    | Identified the Papyrus of Flying Envenoming
 35567 | Elf:3    | Found Jaqex's Antique Armour Shoppe.
 35963 | Vaults:1 | Entered Level 1 of the Vaults
 36086 | Vaults:1 | Received a gift from Trog
 36573 | Orc:2    | Bought a condenser vane for 640 gold pieces
 36573 | Orc:2    | Bought a wand of disintegration (15) for 304 gold pieces
 36573 | Orc:2    | Bought a wand of acid (8) for 384 gold pieces
 36573 | Orc:2    | Bought a wand of paralysis (9) for 176 gold pieces
 36573 | Orc:2    | Bought a wand of paralysis (10) for 192 gold pieces
 36878 | Vaults:1 | Noticed Asterion
 36878 | Vaults:1 | Noticed Rupert
 36881 | Vaults:1 | Killed Asterion
 36881 | Vaults:1 | Killed Rupert
 37274 | Vaults:1 | Found a runed translucent gate.
 37274 | Vaults:1 | Found a runed translucent gate.
 37274 | Vaults:1 | Found a runed translucent gate.
 37274 | Vaults:1 | Found an ancient bone altar of Kikubaaqudgha.
 37274 | Vaults:1 | Noticed Qoonutun's ghost (adept DsCj)
 37274 | Vaults:1 | Noticed Juploucw's ghost (veteran MiBe)
 37274 | Vaults:1 | Noticed an ancient lich
 37274 | Vaults:1 | Noticed an ancient lich
 37274 | Vaults:1 | Noticed Ecu Hasm's ghost (adept GnSk)
 37288 | Vaults:1 | Killed an ancient lich
 37295 | Vaults:1 | Killed an ancient lich
 37300 | Vaults:1 | Killed Qoonutun's ghost
 37312 | Vaults:1 | Killed Juploucw's ghost
 37323 | Vaults:1 | Killed Ecu Hasm's ghost
 37330 | Vaults:1 | Got a fine glaive
 37336 | Vaults:1 | Got a fine lead ring
 37337 | Vaults:1 | Identified the ring of Etoahim {+Blink +Fly Str+6 Slay+3}
                  | (You found it on level 1 of the Vaults)
 37344 | Vaults:1 | Got a faintly glowing hat
 37345 | Vaults:1 | Identified the +1 hat "Siuradd" {Rampage} (You found it on
                  | level 1 of the Vaults)
 37766 | Vaults:2 | Found Kaummaes's Jewellery Shop.
 37876 | Vaults:2 | Reached XP level 22. HP: 211/211 MP: 22/22
 38114 | Vaults:2 | Received a gift from Trog
 38213 | Vaults:2 | Found Vasimot's Jewellery Boutique.
 38303 | Vaults:2 | Reached skill level 21 in Fighting
 38404 | Vaults:2 | You fall into a shaft and drop 2 floors!
 38405 | Vaults:4 | Noticed Sojobo
 38418 | Vaults:4 | Killed Sojobo
 38487 | Vaults:4 | Received a gift from Trog
 38626 | Vaults:3 | Found Gysifyt's General Store.
 39307 | Vaults:3 | Found a staircase to the Crypt.
 39307 | Vaults:3 | Found a basalt altar of Yredelemnul.
 39308 | Vaults:3 | Found an ancient bone altar of Kikubaaqudgha.
 39653 | Vaults:3 | Received a gift from Trog
 40026 | Vaults:3 | Reached XP level 23. HP: 222/222 MP: 23/23
 40076 | Vaults:3 | Received a gift from Trog
 40198 | Vaults:3 | Found Ucweataos's Distillery.
 40207 | Vaults:3 | Found Tealuile's Antique Weapon Emporium.
 40218 | Vaults:3 | Bought a potion of might for 56 gold pieces
 40218 | Vaults:3 | Bought a potion of might for 56 gold pieces
 40218 | Vaults:3 | Bought a potion of curing for 42 gold pieces
 40218 | Vaults:3 | Bought a potion of curing for 42 gold pieces
 40218 | Vaults:3 | Bought a potion of heal wounds for 70 gold pieces
 40218 | Vaults:3 | Bought a potion of heal wounds for 70 gold pieces
 40266 | Vaults:3 | Found Lyagaq Cyss's Antique Weapon Emporium.
 40377 | Vaults:4 | Reached skill level 22 in Fighting
 40510 | Vaults:4 | Received a gift from Trog
 40790 | Vaults:4 | Noticed Jory
 40794 | Vaults:4 | Killed Jory
 40867 | Vaults:5 | Entered Level 5 of the Vaults
 40874 | Vaults:5 | Received a gift from Trog
 40901 | Vaults:5 | Reached XP level 24. HP: 217/233 MP: 23/23
 41293 | Vaults:4 | Found Saubedirr's Assorted Antiques.
 41303 | Vaults:4 | Bought a scroll of blinking for 217 gold pieces
 41942 | Vaults:5 | Received a gift from Trog
 41945 | Vaults:5 | Reached skill level 23 in Fighting
 42267 | Vaults:5 | Reached skill level 15 in Throwing
 42292 | Vaults:5 | Noticed an ancient lich
 42297 | Vaults:5 | Killed an ancient lich
 42523 | Vaults:5 | Identified the amulet "Poonin" {Reflect +Inv Dex+7 SH+5}
 42534 | Vaults:5 | Reached skill level 15 in Evocations
 42675 | Vaults:5 | Received a gift from Trog
 42830 | Vaults:5 | Reached XP level 25. HP: 244/244 MP: 23/23
 43047 | Vaults:5 | Got a smouldering chain mail
 43059 | Vaults:5 | Identified the +3 chain mail "Qumuha" {rPois MR+++ Dex-5}
                  | (You found it on level 5 of the Vaults)
 43349 | Vaults:5 | Found Roesh's Jewellery Boutique.
 43369 | Vaults:5 | Got a silver rune of Zot
 43386 | Vaults:5 | Got a pearl-encrusted leather armour
 43475 | Vaults:5 | Found Oppiabeh's General Store.
 43480 | Vaults:5 | Bought a wand of iceblast (9) for 195 gold pieces
 43500 | Vaults:5 | Bought a scroll of teleportation for 45 gold pieces
 43730 | Depths:1 | Entered Level 1 of the Depths
 43799 | Depths:1 | Found a gateway to Hell.
 43942 | Depths:1 | Got a jewelled dagger
 44030 | Depths:1 | Received a gift from Trog
 44326 | Depths:1 | Found a gateway to a ziggurat.
 44330 | Depths:1 | You fall into a shaft and drop 1 floor!
 44358 | Depths:2 | Reached skill level 24 in Fighting
 44854 | Depths:2 | Got a spiked leather armour
 44881 | Depths:2 | Received a gift from Trog
 45021 | Depths:2 | Received a gift from Trog
 45212 | Depths:2 | Found a shadowy altar of Dithmenos.
 45212 | Depths:2 | Found a bloodstained altar of Trog.
 45215 | Depths:2 | Found a sparkling altar of Nemelex Xobeh.
 45215 | Depths:2 | Found a glowing golden altar of the Shining One.
 45653 | Depths:2 | Found the +9 sword of Zonguldrok {reap}
 45818 | Depths:2 | Reached XP level 26. HP: 256/256 MP: 23/23
 46287 | Depths:3 | Reached skill level 25 in Fighting
 46315 | Depths:3 | Received a gift from Trog
 46318 | Depths:3 | Got a brightly glowing hand axe {god gift}
 46494 | Depths:3 | Found a broken altar of Ashenzari.
 46608 | Depths:3 | Found a one-way gate leading to the halls of Pandemonium.
 47022 | Depths:3 | Got a masterwork scale mail
 47085 | Depths:3 | Found a one-way gate to the infinite horrors of the Abyss.
 47090 | Depths:3 | Received a gift from Trog
 47093 | Depths:3 | Got a shimmering hand axe {god gift}
 47449 | Depths:4 | Identified the +9 hand axe of Falemn {flame, Dex+5 Stlth-}
 47595 | Depths:4 | Identified the +3 spear of Tucuir {vorpal, +Fly rPois rN+
                  | Int+2}
 47731 | Depths:5 | Entered Level 5 of the Depths
 47870 | Depths:5 | Found a gate to the Realm of Zot.
 47874 | Depths:5 | Got a masterwork scale mail
 47888 | Depths:5 | Received a gift from Trog
 48238 | D:6      | Bought a pitted hat for 297 gold pieces
 48238 | D:6      | Bought a glowing cloak for 247 gold pieces
 48238 | D:6      | Identified the cursed -2 hat "Roijann" {rCorr} (You bought
                  | it in a shop on level 6 of the Dungeon)
 48844 | Depths:5 | Reached XP level 27. HP: 226/268 MP: 23/23
 49003 | Depths:5 | Reached skill level 26 in Fighting
 50238 | Elf:2    | Bought a scroll of teleportation for 39 gold pieces
 50238 | Elf:2    | Bought a scroll of summoning for 123 gold pieces
 50238 | Elf:2    | Bought a scroll of silence for 97 gold pieces
 50238 | Elf:2    | Bought a scroll of fear for 45 gold pieces
 50238 | Elf:2    | Bought a scroll of enchant armour for 97 gold pieces
 50238 | Elf:2    | Bought a scroll of immolation for 45 gold pieces
 50238 | Elf:2    | Bought a scroll of teleportation for 39 gold pieces
 50352 | Orc:2    | Bought a potion of mutation for 104 gold pieces
 50352 | Orc:2    | Bought a potion of curing for 39 gold pieces
 50352 | Orc:2    | Bought a potion of curing for 39 gold pieces
 50352 | Orc:2    | Bought a potion of curing for 39 gold pieces
 50352 | Orc:2    | Bought a potion of mutation for 104 gold pieces
 50352 | Orc:2    | Bought a potion of resistance for 130 gold pieces
 50352 | Orc:2    | Bought a potion of heal wounds for 65 gold pieces
 50545 | D:13     | Bought a wand of acid (9) for 312 gold pieces
 50545 | D:13     | Bought a wand of digging (6) for 240 gold pieces
 50545 | D:13     | Bought a wand of iceblast (7) for 132 gold pieces
 50545 | D:13     | Bought a wand of enslavement (11) for 156 gold pieces
 50560 | D:13     | Bought a pair of embroidered boots for 202 gold pieces
 50560 | D:13     | Bought a scroll of teleportation for 81 gold pieces
 50560 | D:13     | Identified a +0 pair of boots of running (You bought it in
                  | a shop on level 13 of the Dungeon)
 50625 | D:15     | Bought a scroll of teleportation for 51 gold pieces
 50625 | D:15     | Bought a scroll of teleportation for 51 gold pieces
 50625 | D:15     | Bought a scroll of immolation for 59 gold pieces
 50772 | Vaults:3 | Bought a potion of magic for 104 gold pieces
 50772 | Vaults:3 | Bought a wand of disintegration (12) for 208 gold pieces
 50772 | Vaults:3 | Bought a scroll of blinking for 97 gold pieces
 51544 | Orc:2    | Bought 2 potions of attraction for 72 gold pieces
 52233 | Zot:1    | Entered Level 1 of the Realm of Zot
 52600 | Zot:1    | Received a gift from Trog
 52609 | Zot:1    | Noticed an orb of fire
 52612 | Zot:1    | Noticed Beyts's ghost (legendary MiBe)
 52623 | Zot:1    | Found a transporter.
 52626 | Zot:1    | Found a transporter.
 53922 | Zot:1    | Killed an orb of fire
 53922 | Zot:1    | Reached skill level 27 in Fighting
 53944 | Zot:1    | Killed Beyts's ghost
 53944 | Zot:1    | Reached skill level 15 in Dodging
 54269 | Zot:2    | Received a gift from Trog
 56889 | Zot:3    | Received a gift from Trog
 56921 | Zot:3    | Identified the +5 kite shield of Submission {rCorr Str+9
                  | Int-2} (You found it on level 3 of the Realm of Zot)
 57448 | Zot:3    | Found the +7 Spriggan's Knife {stab, EV+4 Stlth+}
 58067 | Zot:4    | Received a gift from Trog
 59255 | Zot:4    | Noticed an orb of fire
 59307 | Zot:4    | Noticed an ancient lich
 59711 | Zot:4    | Killed an ancient lich
 59715 | Zot:4    | Gained mutation: You are weak. (Str -2) [an orb of fire]
 59724 | Zot:4    | Killed an orb of fire
 59836 | Zot:4    | Found a stormy altar of Qazlal.
 59859 | Zot:5    | Entered Level 5 of the Realm of Zot
 59861 | Zot:5    | Received a gift from Trog
 60395 | Zot:5    | Noticed an ancient lich
 60401 | Zot:5    | Killed an ancient lich
 60434 | Zot:5    | Noticed an orb of fire
 60443 | Zot:5    | Killed an orb of fire
 60541 | Zot:5    | Noticed an orb of fire
 60551 | Zot:5    | Killed an orb of fire
 60573 | Zot:5    | Noticed an orb of fire
 60581 | Zot:5    | Killed an orb of fire
 60663 | Zot:5    | Noticed an orb of fire
 60678 | Zot:5    | Killed an orb of fire
 61294 | Zot:5    | Received a gift from Trog
 61383 | Zot:5    | Noticed an orb of fire
 61385 | Zot:5    | Noticed an orb of fire
 61389 | Zot:5    | Killed an orb of fire
 61391 | Zot:5    | Noticed an orb of fire
 61392 | Zot:5    | Noticed an orb of fire
 61395 | Zot:5    | Noticed an ancient lich
 61396 | Zot:5    | Noticed an orb of fire
 61397 | Zot:5    | Gained mutation: You are clumsy. (Dex -2) [an orb of fire]
 61773 | Zot:5    | Gained mutation: Armour fits poorly on your strangely
                  | shaped body. [an orb of fire]
 61775 | Zot:5    | Killed an orb of fire
 61822 | Zot:5    | Killed an orb of fire
 61855 | Zot:5    | Noticed an ancient lich
 61861 | Zot:5    | Killed an ancient lich
 61948 | Zot:5    | Gained mutation: You are very weak. (Str -4) [an orb of
                  | fire]
 61956 | Zot:5    | Killed an orb of fire
 62044 | Zot:5    | Killed an ancient lich
 62044 | Zot:5    | Gained mutation: You are dopey. (Int -2) [an orb of fire]
 62060 | Zot:5    | Killed an orb of fire
 62490 | Zot:5    | Lost mutation: You are clumsy. (Dex -2) [potion of
                  | mutation]
 62490 | Zot:5    | Lost mutation: You are very weak. (Str -4) [potion of
                  | mutation]
 62490 | Zot:5    | Lost mutation: Armour fits poorly on your strangely shaped
                  | body. [potion of mutation]
 62490 | Zot:5    | Gained mutation: You tend to lose your temper in combat.
                  | [potion of mutation]
 62490 | Zot:5    | Gained mutation: You have a pair of small antennae on your
                  | head. [potion of mutation]
 62491 | Zot:5    | Lost mutation: You are dopey. (Int -2) [potion of mutation]
 62491 | Zot:5    | Lost mutation: You tend to lose your temper in combat.
                  | [potion of mutation]
 62491 | Zot:5    | Gained mutation: You possess an exceptional clarity of
                  | mind. [potion of mutation]
 62491 | Zot:5    | Gained mutation: Your flesh is cold resistant. (rC+)
                  | [potion of mutation]
 62491 | Zot:5    | Gained mutation: You are resistant to hostile enchantments.
                  | (MR+) [potion of mutation]
 62492 | Zot:5    | Lost mutation: You have a pair of small antennae on your
                  | head. [potion of mutation]
 62492 | Zot:5    | Lost mutation: You are resistant to hostile enchantments.
                  | (MR+) [potion of mutation]
 62492 | Zot:5    | Lost mutation: You possess an exceptional clarity of mind.
                  | [potion of mutation]
 62492 | Zot:5    | Lost mutation: Your flesh is cold resistant. (rC+) [potion
                  | of mutation]
 62492 | Zot:5    | Gained mutation: You are frail. (-10% HP) [potion of
                  | mutation]
 62492 | Zot:5    | Gained mutation: Your spells are a little easier to cast,
                  | but a little less powerful. [potion of mutation]
 62492 | Zot:5    | Lost mutation: You are weak. (Str -2) [potion of mutation]
 62493 | Zot:5    | Lost mutation: You are frail. (-10% HP) [potion of
                  | mutation]
 62493 | Zot:5    | Lost mutation: Your spells are a little easier to cast, but
                  | a little less powerful. [potion of mutation]
 62493 | Zot:5    | Gained mutation: You are weak. (Str -2) [potion of
                  | mutation]
 62493 | Zot:5    | Gained mutation: Your mind is acute. (Int +2) [potion of
                  | mutation]
 62493 | Zot:5    | Gained mutation: Your spells are a little harder to cast,
                  | but a little more powerful. [potion of mutation]
 62493 | Zot:5    | Gained mutation: You are agile. (Dex +2) [potion of
                  | mutation]
 62494 | Zot:5    | Lost mutation: You are weak. (Str -2) [potion of mutation]
 62494 | Zot:5    | Lost mutation: Your mind is acute. (Int +2) [potion of
                  | mutation]
 62494 | Zot:5    | Lost mutation: You are agile. (Dex +2) [potion of mutation]
 62494 | Zot:5    | Gained mutation: Your flesh is cold resistant. (rC+)
                  | [potion of mutation]
 62494 | Zot:5    | Gained mutation: You are surrounded by a mild repulsion
                  | field. (EV +2) [potion of mutation]
 62547 | Zot:5    | Got the Orb of Zot
 62715 | Zot:3    | Noticed Dicwyxia the pandemonium lord
 62741 | Zot:3    | Killed Dicwyxia the pandemonium lord
 62746 | Zot:3    | Noticed Laokkac the pandemonium lord
 62759 | Zot:3    | Killed Laokkac the pandemonium lord
 62842 | Zot:1    | Noticed Cohasigh the pandemonium lord
 63015 | D:14     | Received a gift from Trog
 63335 | D:$      | Escaped with the Orb!

Illustrated notes

Levels and vault maps discovered:
D:1:      dpeg_cavernosity, layout_rooms, hex_intersection, minmay_vboxes
D:2:      layout_loops_corners, vehumet_crystals,
          chequers_ecumenical_altar_grove, nrook_campfire, uniq_sigmund
D:3:      layout_loops_ring
D:4:      layout_loops_ring, uniq_grinder, uniq_crazy_yiuf_cottage, uniq_robin
D:5:      layout_basic, grunt_temple_overflow_octagram, elyvilon_altar_4,
          overflow_temple_1_default, temple_doors_e
D:6:      layout_basic, grunt_temple_overflow_holy_war, serial_shops,
          kennysheep_mini_moat, uniq_menkaure, uniq_blork_the_orc
D:7:      layout_basic
D:8:      layout_basic, eat_drink_and_be_merry_uskayaw
D:9:      layout_gridville, david_orc_1_choice, enter_bailey_3, uniq_pikel,
          uniq_maggie
D:10:     layout_roguey, grunt_livestock
D:11:     layout_stronghold, minmay_lair_entry_grove
D:12:     layout_gridville, grunt_decor_junction, uniq_jorgrun
D:13:     layout_layer_cave, serial_shops, shop, shop_statue,
          nicolae_shop_overgrown_old_shop, nicolae_shop_crystal,
          small_statue_intersection, uniq_nessos, uniq_maurice
D:14:     layout_basic, grunt_vaults_entry_fortified, grunt_decor_clamped,
          lemuel_flamethrower_hall
D:15:     hangedman_depths_entry_try_elsewhere_first, layout_basic,
          serial_shops, shop, hangedman_abyss_or_decor_stagger, nicolae_sextant,
          uniq_louise, uniq_agnes
Temple:   compressed_dpeg_triangle_lava_temple
Lair:1:   layout_roguey, portal_ice_cave_entry_pillars_2,
          minmay_lair_oklob_chamber, infiniplex_staircase_pool_2
Lair:2:   layout_regular_city, grunt_forest_large_clearings, lemuel_fruit_tree,
          infiniplex_staircase_pool, uniq_fannar
Lair:3:   layout_regular_city
Lair:4:   layout_regular_city, palyth_hydra_swamp_entry,
          elwin_shoals_entry_rocks, gammafunk_ghost_hive, enter_volcano_4
Lair:5:   layout_cave_pods, nicolae_slime_entry_slimehenge, lookout_lair_type
Lair:6:   due_jungle_book, layout_cave_pods, basic_altar,
          nicolae_quartered_pool_super
Swamp:1:  layout_basic_swamp, evilmike_swamp_ruin_house_3, swamp_pool1,
          roderic_carrion_pond, uniq_nikola
Swamp:2:  layout_basic_swamp, nicolae_swamp_trees_clearing
Swamp:3:  layout_basic_swamp, basic_altar
Swamp:4:  swamp_basic_johnstein, layout_basic_swamp
Shoals:1: layout_shoals, ebering_ghost_davey_jones, nicolae_shoals_drake_roost
Shoals:2: layout_shoals, serial_shops, shop, ldierk_geyser, kb_tengu_band
Shoals:3: cheibrodos_shoals_roost, layout_shoals, hangedman_shoal_volcano
Shoals:4: shoals_end_grunt_garden, layout_shoals, uniq_polyphemus
Orc:1:    layout_caves, serial_shops, shop, guppyfry_library_mini
Orc:2:    st_orc_pillars, layout_diamond_mine, serial_shops, shop,
          statue_in_the_mist_lemuel, guppyfry_orc_lava_fort
Elf:1:    hangedman_cross_stitches, layout_geoelf_grid, serial_shops,
          nicolae_shop_waterfront, hangedman_elf_disciples, grunt_ministairs_3,
          nicolae_alphabet_shops, corexii_hall_statues_deadend,
          nemelex_altar_shiori
Elf:2:    layout_geoelf_octagon, serial_shops, shop, grunt_ministairs_2
Elf:3:    grunt_elf_hall_branching, layout_loops_corners, serial_shops, shop,
          drop_trap, nicolae_elf_stone_circles, abandoned_shop
Vaults:1: gammafunk_vaults_ghost_crypt, grunt_vaults_bifocal, sword_in_stone,
          v_misc_18, v_rooms_1, v_misc_16, vaults_dpeg_hooks,
          hangedman_vaults_stretched_pinwheel, nicolae_vaults_little_ls,
          nicolae_vaults_angled_halls, layout_vaults_big_room
Vaults:2: hangedman_vaults_stretched_pinwheel, nicolae_vaults_gold_heap,
          ontoclasm_vaults_decontamination, nicolae_vaults_what_the_h,
          layout_vaults_omnigrid, serial_glass, serial_shops, shop, shop
Vaults:3: hangedman_vaults_hard_town_square, ontoclasm_vaults_shuriken,
          vaults_room_stairs_pillars, nicolae_vaults_angled_halls,
          grunt_vaults_hallway_short, ontoclasm_vaults_chip, vaults_dpeg_ring,
          v_misc_10, minmay_crypt_entry_necro_gods,
          vaults_mumra_minichess_inversion, vaults_dpeg_encased_lava, v_misc_26,
          vaults_dpeg_diagonal, v_pattern_3, layout_vaults_ring, serial_shops,
          nicolae_shop_waterfront
Vaults:4: v_pattern_2, dpeg_vaults_monster_row, v_misc_8,
          nicolae_vaults_branching_niches, hangedman_vaults_corner,
          hangedman_vaults_slither, nicolae_vaults_border_crossing,
          hangedman_vaults_stretched_pinwheel, ontoclasm_vaults_loading_screen,
          v_misc_4, vaults_room_pools, layout_vaults_big_cross, serial_shops,
          nicolae_shop_crystal, uniq_jory, uniq_sojobo
Vaults:5
Depths:1: layout_gridlike, enter_ziggurat_f, hell_entry,
          chequers_decorated_corner, kennysheep_nondescript,
          hangedman_abyss_or_decor_clamps, hangedman_stitches_earthworm,
          serial_bayou_shore_b
Depths:2: minmay_the_grid_octo_tiled_squarecenter_mashed
          [minmay_the_grid_octo_shrine, minmay_the_grid_octo_77,
          minmay_the_grid_octo_pinwheel, minmay_the_grid_octo_fan_narrow,
          minmay_the_grid_square_5x5_megaprize_hollow,
          minmay_the_grid_square_5x5_hourglass,
          minmay_the_grid_square_5x5_n_small,
          minmay_the_grid_square_5x5_intrusive_squares,
          minmay_the_grid_square_5x5_trominoes], layout_basic,
          minmay_misc_feat_five, pf_hell_entry_tar_river,
          minmay_guarded_unrand_zonguldrok, serial_bayou_shore_a
Depths:3: minmay_quantized_circle, layout_gridville, pan_entry,
          ashenzari_altar_1, serial_bayou, serial_bayou_ford_a,
          serial_bayou_pond_d, serial_bayou_pond_d, serial_bayou_pond_a,
          hangedman_coc_ice_floe, abyss_entry, infiniplex_staircase_diamond
Depths:4: kennysheep_four_of_diamonds, layout_cross, kennysheep_small_spiral,
          abyss_entry_crystal, hell_entry
Depths:5: grunt_twist_and_shout, layout_twisted_cross, abyss_entry,
          nicolae_two_hexagons, hellmouth_1
Zot:1:    layout_concentric_octagons, gammafunk_ghost_arena,
          hangedman_snake_sidewinding
Zot:2:    layout_concentric_octagons, grunt_megastairs_5
Zot:3:    minmay_elemental_castle, layout_onion, st_large_dragon_hoard_3
Zot:4:    regret_index_qazlal_generations, layout_twisted_circle,
          hangedman_zot_decor_checkerboard
Zot:5:    layout_gridlike, grunt_ministairs_1

Skill      XL: |  1  2  3  4  5  6  7  8  9 10 11 12 13 14 15 16 17 18 19 20 21 22 23 24 25 26 27 |
---------------+----------------------------------------------------------------------------------+-----
Axes           | 5 6 8 9 10 11 12 13 14 16 17 19 20 26 | 26.1
Fighting       | 4 5 7 8 9 10 11 12 13 15 16 17 18 19 20 21 22 23 24 25 27 | 27.0
Throwing       | 1 2 3 4 5 6 7 8 9 10 12 13 14 15 16 | 16.0
Dodging        | 2 3 4 5 6 7 8 9 10 11 12 13 14 18 | 18.4
Armour         | 3 4 5 6 7 8 10 11 13 16 17 18 19 20 21 22 26 | 26.0
Evocations     | 2 3 5 6 7 8 9 10 11 12 13 14 15 16 20 | 20.0
Shields        | 1 3 5 7 9 10 11 12 13 14 15 | 15.0

Action                   |  1- 3 |  4- 6 |  7- 9 | 10-12 | 13-15 | 16-18 | 19-21 | 22-24 | 25-27 || total
-------------------------+-------+-------+-------+-------+-------+-------+-------+-------+-------++-------
Melee: Hand axe          |    86 |    72 |       |       |       |       |       |       |       ||   158
       Whip              |       |    13 |   398 |   293 |       |       |       |       |       ||   704
       Broad axe         |       |       |    43 |   289 |   748 |   687 |   551 |   561 |  1233 ||  4112
       War axe           |       |       |       |    30 |       |       |       |       |       ||    30
Throw: Stone             |     8 |    15 |    43 |       |       |       |       |       |       ||    66
       Dart              |       |     3 |    20 |    22 |     2 |     2 |       |       |     5 ||    54
       Boomerang         |       |       |    43 |   203 |   310 |   589 |   328 |   249 |   745 ||  2467
       Javelin           |       |       |       |       |       |       |       |    63 |   138 ||   201
       Throwing net      |       |       |       |       |       |       |       |       |     7 ||     7
Invok: Berserk           |     2 |     4 |     6 |     1 |     1 |       |       |       |       ||    14
       Trog's Hand       |       |       |     1 |     3 |     8 |    11 |     6 |     5 |    18 ||    52
       Brothers in Arms  |       |       |       |     1 |       |       |       |       |       ||     1
 Abil: Evoke Invisibilit |       |       |       |       |     2 |       |       |       |    14 ||    16
       Evoke Blink       |       |       |       |       |       |       |       |       |    15 ||    15
       Evoke Flight      |       |       |       |       |       |       |       |       |     3 ||     3
Evoke: Wand              |       |       |       |     5 |    30 |    32 |    31 |       |    16 ||   114
       Lightning rod     |       |       |       |       |     4 |    12 |    18 |       |       ||    34
       Phial of floods   |       |       |       |       |     1 |     4 |       |       |       ||     5
       Tin of tremorston |       |       |       |       |       |     6 |     7 |    11 |    21 ||    45
       Condenser vane    |       |       |       |       |       |       |     1 |     2 |     9 ||    12
  Use: Scroll            |     3 |     2 |     9 |    11 |    16 |     9 |    13 |     5 |    40 ||   108
       Potion            |       |       |       |     2 |     2 |     5 |       |       |    14 ||    23
 Stab: Paralysed         |       |       |       |       |     4 |       |       |       |       ||     4
       Invisible         |       |       |       |       |     1 |       |       |       |    65 ||    66
       Petrified         |       |       |       |       |       |     7 |       |       |       ||     7
       Confused          |       |       |       |       |       |     1 |       |       |       ||     1
       Distracted        |       |       |       |       |       |       |     1 |       |     2 ||     3
       Held in net/web   |       |       |       |       |       |       |       |       |     6 ||     6
Armor: Ring mail         |    35 |    13 |       |       |       |       |       |       |       ||    48
       Animal skin       |     3 |       |       |       |       |       |       |       |       ||     3
       Scale mail        |       |     2 |    90 |       |       |       |       |       |       ||    92
       Chain mail        |       |       |    61 |    29 |       |       |       |       |       ||    90
       Plate armour      |       |       |       |   334 |   383 |   366 |   198 |   164 |   150 ||  1595
       Gold dragon scale |       |       |       |       |       |       |       |       |   229 ||   229
Dodge: Dodged            |    51 |    33 |   164 |   224 |   250 |   229 |   152 |   160 |   440 ||  1703
Block: Buckler           |       |       |       |    63 |       |       |       |       |       ||    63
       Kite shield       |       |       |       |     4 |   476 |   637 |   403 |   409 |   952 ||  2881
       Reflection        |       |       |       |       |       |       |       |       |    49 ||    49

Table legend: (Time is in decaauts)
 A = Elapsed time spent in this place.
 B = Non-inter-level travel time spent in this place.
 C = Inter-level travel time spent in this place.
 D = Time resting spent in this place.
 E = Time spent auto-exploring this place.
 F = Levels seen in this place.
 G = Mean time per level.
                   A        B        C        D        E       F      G
               +--------+--------+--------+--------+--------+-----+--------+
         Total |  62551 |  53689 |   8862 |   1189 |  36369 |  53 | 1180.2 |
       Dungeon |  18930 |  15230 |   3700 |     67 |  10519 |  15 | 1262.0 |
        Temple |      1 |      1 |      0 |      0 |      0 |   1 |    1.0 |
          Lair |   6425 |   5245 |   1180 |      0 |   3998 |   6 | 1070.8 |
         Swamp |   2995 |   2729 |    266 |      9 |   1808 |   4 |  748.8 |
        Shoals |   4137 |   3723 |    414 |     32 |   2406 |   4 | 1034.2 |
  Orcish Mines |   2119 |   1524 |    595 |      0 |    979 |   2 | 1059.5 |
   Elven Halls |   3799 |   3144 |    655 |     26 |   2083 |   3 | 1266.3 |
        Vaults |   7070 |   6476 |    594 |    197 |   4212 |   5 | 1414.0 |
        Depths |   5812 |   4940 |    872 |     16 |   3414 |   5 | 1162.4 |
           Zot |  10194 |   9612 |    582 |    841 |   6668 |   5 | 2038.8 |
        Bailey |    385 |    385 |      0 |      0 |     85 |   1 |  385.0 |
      Ice Cave |    534 |    534 |      0 |      0 |    193 |   1 |  534.0 |
       Volcano |    145 |    145 |      0 |      0 |      0 |   1 |  145.0 |
               +--------+--------+--------+--------+--------+-----+--------+

Top non-repeatable levels by time:
   Zot:5: 2616 daAuts
   Zot:4: 2023 daAuts
   Zot:3: 2000 daAuts
   Zot:1: 2000 daAuts
    D:11: 1644 daAuts
Vaults:4: 1636 daAuts
    D:12: 1622 daAuts
    D:13: 1569 daAuts
   Zot:2: 1552 daAuts
Vaults:5: 1526 daAuts
   Orc:2: 1493 daAuts
    D:14: 1463 daAuts
     D:9: 1453 daAuts
Depths:3: 1418 daAuts
Depths:2: 1389 daAuts
